Map: Lost and Found LE

Players

Iceman - Winner!

  • Race: Zerg Zerg
  • League: Diamond
  • Spawn Location: 1:00

TripleS

  • Race: Protoss Protoss
  • League: Diamond
  • Spawn Location: 7:00

VOD

Have the link to the VOD?

Description

Time

  • Played on: Sept. 1, 2018, 7:17 a.m.
  • Length: 16:53
Show
View Real Time Build Order
Export as new Build Order

Iceman Zerg - Winner!

Build Orders: Hatch First, Lurkers 

Get SALT Encoding   

  12  0:01  Drone  
  13  0:13  Overlord  
  13  0:17  Drone  
  14  0:33  Drone x2  
  16  0:36  Drone  
  17  0:54  Hatchery  
  17  0:56  Drone  
  17  0:59  Drone  
  18  1:10  Extractor  
  17  1:14  Spawning Pool  
  17  1:17  Drone  
  17  1:20  Drone  
  18  1:28  Drone  
  19  1:43  Drone  
  20  1:52  Drone  
  21  2:02  Hatchery, Drone  
  21  2:07  Drone  
  22  2:09  Queen  
  22  2:11  Drone  
  25  2:16  Overlord  
  25  2:23  Zergling x2  
  25  2:26  Metabolic Boost  
  25  2:28  Zergling x2  
  27  2:35  Drone  
  28  2:38  Drone  
  29  2:45  Queen  
  31  2:51  Drone  
  31  2:52  Drone  
  31  2:54  Drone  
  34  3:03  Overlord  
  34  3:13  Overlord x2  
  34  3:15  Drone  
  34  3:16  Drone  
  34  3:19  Drone x3  
  39  3:26  Drone x2  
  41  3:32  Drone  
  42  3:34  Spore Crawler  
  42  3:37  Drone x2  
  42  3:38  Evolution Chamber, Spore Crawler  
  41  3:43  Spore Crawler  
  39  3:52  Drone  
  39  3:53  Drone x4  
  39  3:54  Overlord x2  
  44  4:01  Extractor, Zergling x6  
  46  4:09  Zergling x2  
  47  4:15  Zerg Melee Weapons Level 1  
  47  4:16  Drone x2  
  49  4:18  Drone  
  49  4:22  Drone  
  49  4:23  Drone x4  
  55  4:29  Queen  
  55  4:30  Queen  
  61  4:48  Lair  
  59  4:53  Drone x11  
  69  5:10  Zergling x8  
  73  5:16  Zergling x4, Spine Crawler  
  73  5:19  Zergling x6  
  73  5:33  Overlord x2  
  73  5:34  Overlord x2  
  66  5:39  Overlord x2  
  66  5:43  Zergling x2  
  64  5:51  Hydralisk Den  
  64  5:52  Hatchery, Spine Crawler  
  64  5:54  Zergling x10  
  65  6:00  Extractor  
  65  6:01  Zergling x4  
  64  6:09  Zergling x2  
  62  6:12  Zergling x2  
  60  6:20  Zergling x2  
  56  6:25  Zergling x2  
  56  6:30  Muscular Augments, Hydralisk  
  59  6:33  Hydralisk  
  59  6:38  Hydralisk x3  
  67  6:42  Hydralisk  
  67  6:43  Hydralisk  
  71  6:54  Hatchery  
  71  6:56  Hydralisk x2  
  74  7:03  Hydralisk  
  74  7:04  Zergling x6  
  74  7:06  Zergling x2  
  74  7:07  Zergling x8  
  84  7:22  Hydralisk x3  
  89  7:34  Hydralisk x3  
  90  7:38  Hydralisk  
  90  7:42  Zergling x10  
  90  7:43  Zergling x4  
  87  7:48  Hydralisk  
  79  7:51  Zergling x2  
  72  7:59  Zergling x4  
  72  8:00  Zergling x2  
  72  8:05  Hydralisk x3  
  71  8:07  Zergling x6  
  71  8:09  Hydralisk  
  71  8:11  Queen  
  78  8:15  Zergling x4  
  79  8:22  Drone x2  
  79  8:23  Queen x2  
  79  8:24  Drone  
  86  8:31  Drone x4  
  86  8:33  Drone x4  
  94  8:36  Grooved Spines  
  94  8:37  Hydralisk  
  94  8:41  Hydralisk  
  96  8:43  Drone x2  
  96  8:45  Drone  
  96  8:46  Drone x2  
  103  8:51  Spore Crawler  
  103  8:53  Drone  
  103  8:59  Queen, Extractor  
  103  9:03  Drone  
  103  9:05  Extractor  
  103  9:10  Spore Crawler, Hatchery  
  103  9:14  Spine Crawler, Drone  
  103  9:15  Drone x3  
  104  9:19  Evolution Chamber  
  104  9:21  Evolution Chamber, Infestation Pit, Drone x2  
  104  9:22  Drone  
  104  9:28  Lurker Den  
  102  9:43  Hydralisk  
  102  9:45  Overlord x3  
  104  9:46  Overlord  
  104  9:49  Zerg Ground Armor Level 1, Zerg Missile Weapons Level 1  
  104  10:02  Extractor  
  100  10:15  Hive  
  100  10:22  Spire  
  100  10:23  Zergling x26  
  100  10:24  Zergling x12  
  118  10:33  Drone x5  
  118  10:34  Drone x3  
  118  10:35  Drone  
  127  10:51  Drone  
  127  10:52  Drone x2  
  128  10:59  Lurker x6  
  128  11:01  Drone x2  
  128  11:02  Drone  
  128  11:03  Spine Crawler  
  136  11:05  Spine Crawler  
  136  11:09  Lurker x2  
  136  11:12  Drone x6  
  136  11:16  Spine Crawler  
  136  11:17  Extractor  
  136  11:18  Extractor  
  138  11:20  Spore Crawler  
  138  11:22  Spore Crawler  
  125  11:26  Hydralisk x5  
  125  11:31  Hydralisk  
  131  11:36  Lurker  
  127  11:54  Hydralisk x3  
  127  11:55  Hydralisk  
  127  11:56  Overlord x2  
  127  11:58  Zerg Missile Weapons Level 2  
  129  12:02  Drone x3  
  129  12:07  Overlord x2  
  129  12:08  Overlord  
  128  12:11  Greater Spire  
  128  12:18  Lurker  
  128  12:19  Lurker  
  128  12:20  Hatchery  
  129  12:27  Spine Crawler  
  129  12:28  Spine Crawler, Drone x2  
  129  12:29  Drone x2  
  131  12:30  Spine Crawler  
  130  12:38  Spine Crawler  
  130  12:40  Spine Crawler  
  130  12:42  Spine Crawler  
  130  12:43  Corruptor x5  
  137  12:44  Corruptor  
  139  12:51  Overlord  
  139  12:52  Overlord  
  139  12:53  Overlord  
  139  13:18  Overlord  
  139  13:19  Overseer  
  139  13:20  Overseer  
  139  13:41  Brood Lord x6  
  141  13:42  Corruptor  
  141  13:43  Infestor  
  141  13:44  Overlord x3  
  130  14:27  Corruptor x3  
  130  14:28  Corruptor x4  
  130  14:31  Drone  
  143  14:33  Extractor, Hatchery  
  143  14:34  Overseer  
  143  14:36  Extractor  
  143  14:38  Hatchery  
  129  14:49  Zergling x2  
  130  14:53  Ultralisk Cavern  
  130  14:56  Drone  
  130  14:57  Drone x6  
  136  15:05  Corruptor  
  136  15:06  Corruptor x5  
  146  15:13  Zergling x16  
  156  15:22  Overseer  
  156  15:24  Spine Crawler  
  156  15:25  Spine Crawler  
  154  15:42  Brood Lord x3  
  160  15:43  Corruptor  
  157  15:56  Brood Lord, Corruptor x2  
  159  16:13  Corruptor x3  
  159  16:15  Drone x6  
  159  16:17  Spore Crawler  
  167  16:31  Zergling x2  
Show
View Real Time Build Order
Export as new Build Order

TripleS Protoss 

Build Orders: 1 Gate Expand 

Get SALT Encoding   

  12  0:00  Probe  
  13  0:12  Probe  
  14  0:18  Pylon  
  14  0:24  Probe  
  15  0:32  Probe  
  15  0:40  Probe, Gateway  
  16  0:46  Assimilator  
  17  0:50  Probe  
  18  0:58  Probe  
  19  1:06  Probe  
  20  1:25  Nexus  
  20  1:36  Cybernetics Core  
  20  1:37  Probe  
  21  1:44  Assimilator  
  21  1:50  Probe  
  21  1:53  Pylon  
  22  2:02  Probe  
  22  2:05  Adept  
  25  2:15  Warp Gate  
  25  2:20  Robotics Facility  
  25  2:31  Stalker  
  25  2:33  Pylon  
  27  2:37  Probe  
  27  2:41  Probe  
  29  2:45  Probe  
  30  2:53  Probe  
  30  2:56  Gateway  
  31  3:00  Probe  
  31  3:05  Probe  
  33  3:09  Immortal  
  34  3:17  Probe  
  34  3:19  Probe  
  39  3:29  Probe  
  39  3:32  Probe  
  41  3:37  Gateway  
  41  3:39  Gateway  
  41  3:43  Gateway  
  41  3:51  Probe  
  41  3:52  Probe  
  41  3:54  Gateway  
  41  3:59  Gateway  
  41  4:02  Assimilator  
  41  4:03  Warp Prism  
  41  4:05  Probe x2  
  45  4:18  Probe  
  45  4:19  Probe  
  45  4:23  Pylon  
  47  4:28  Pylon  
  47  4:31  Shield Battery  
  47  4:35  Sentry x2  
  51  4:39  Probe x2  
  53  4:55  Pylon  
  53  4:57  Adept  
  53  4:58  Adept  
  57  5:06  Immortal  
  57  5:07  Stalker x2  
  57  5:08  Stalker x3  
  71  5:25  Sentry x2  
  75  5:36  Stalker  
  75  5:40  Pylon  
  75  5:42  Pylon  
  77  5:43  Pylon  
  77  5:45  Pylon  
  75  5:57  Stalker  
  75  5:59  Stalker  
  75  6:00  Stalker x3  
  75  6:03  Warp Prism  
  71  6:28  Probe x2  
  73  6:45  Nexus  
  73  6:47  Pylon  
  73  6:49  Immortal  
  77  6:55  Twilight Council  
  77  6:57  Forge  
  77  7:05  Pylon  
  77  7:07  Pylon  
  77  7:09  Pylon, Stalker x4  
  77  7:10  Stalker x2  
  89  7:16  Sentry  
  91  7:27  Assimilator  
  91  7:29  Pylon  
  91  7:35  Stalker x6  
  79  7:58  Stalker x3  
  79  7:59  Stalker x3  
  83  8:07  Protoss Ground Weapons Level 1, Immortal  
  75  8:22  Resonating Glaives  
  77  8:31  Probe x3  
  80  8:35  Zealot x4  
  88  8:43  Probe x2  
  88  8:46  Immortal  
  94  8:49  Probe  
  94  8:55  Probe  
  96  8:58  Adept  
  96  8:59  Adept x2  
  96  9:01  Probe x2  
  104  9:05  Adept  
  104  9:08  Probe  
  107  9:13  Probe  
  107  9:15  Assimilator  
  107  9:16  Assimilator  
  108  9:18  Immortal  
  108  9:22  Templar Archives  
  112  9:38  Adept x3  
  114  9:39  Sentry x2  
  122  9:47  Shield Battery, Charge  
  122  9:48  Adept, Shield Battery  
  122  9:49  Immortal  
  124  9:53  Protoss Ground Weapons Level 2  
  128  10:01  Psionic Storm  
  128  10:07  Probe  
  128  10:08  Probe  
  120  10:17  Warp Prism  
  122  10:36  Adept  
  122  10:38  Adept x5  
  122  10:39  Pylon  
  134  10:43  Adept  
  136  10:52  Nexus  
  136  10:59  Adept x2  
  136  11:02  Adept  
  140  11:10  Immortal  
  144  11:13  Adept  
  146  11:23  Adept  
  146  11:24  Adept x4  
  146  11:25  Adept  
  126  11:49  Observer  
  122  12:01  High Templar x3  
  122  12:02  High Templar x2  
  122  12:05  Zealot x2  
  136  12:10  Protoss Ground Weapons Level 3  
  136  12:13  Forge  
  136  12:19  Nexus  
  136  12:22  Pylon  
  136  12:26  Observer  
  137  12:30  Zealot x2  
  137  12:35  Zealot  
  137  12:36  Zealot x4  
  151  12:40  Robotics Facility  
  151  12:51  Assimilator  
  151  12:55  Assimilator  
  151  12:56  Pylon  
  151  12:57  High Templar  
  151  12:58  High Templar x2  
  157  13:00  High Templar, Shield Battery  
  157  13:03  Archon  
  157  13:05  High Templar x2  
  163  13:07  Archon  
  163  13:08  Protoss Ground Armor Level 1  
  163  13:09  Archon  
  163  13:21  Adept  
  165  13:40  Zealot x6  
  175  14:04  Zealot x3  
  175  14:05  Zealot x2  
  119  14:34  Immortal x2  
  119  14:35  High Templar x2  
  119  14:36  Zealot, High Templar x4  
  141  14:41  Archon x3  
  135  14:50  Stargate  
  135  14:52  Stargate  
  129  14:53  Probe x2  
  129  14:54  Stargate  
  129  14:57  Probe  
  129  14:58  Probe  
  133  15:11  Stalker x3  
  133  15:12  Stalker x4  
  147  15:25  Shield Battery  
  147  15:27  Shield Battery  
  147  15:40  Observer x2  
  149  15:56  Zealot x3  
  149  15:57  Zealot x4  
  151  16:18  Stalker x2  
  151  16:19  Stalker x3  
Tags
 
Add a new tag
Caveats
  • Supply blocks, unpowered buildings, or Contaminate may cause inaccurate times.
  • Supply counts are checked every 10 seconds.